 Dungeon Crawl Stone Soup version 0.28-a0-1435-g82390b3a13 (webtiles) character file.

Game seed: 12169424677434611751

66 porpoise the Sneak (level 3, -9/29 HPs)
             Began as a Demonspawn Brigand on Jan 10, 2022.
             Killed by nerve-wracking pain
             ... invoked by an orc priest
              (10 damage)
             ... on level 3 of the Dungeon.
             The game lasted 00:04:22 (2227 turns).

porpoise the Sneak (Demonspawn Brigand)             Turns: 2227, Time: 00:04:23

Health: -9/29      AC:  6    Str: 13    XL:     3   Next: 96%
Magic:  3/3        EV: 10    Int: 12    God:
Gold:   98         SH:  0    Dex: 20    Spells: 2/2 levels left

rFire   . . .      SeeInvis .   a - +2 dagger
rCold   . . .      Faith    .   (no shield)
rNeg    . . .      Spirit   .   k - +0 ring mail
rPois   .          Reflect  .   (no helmet)
rElec   .          Harm     .   c - +0 cloak
rCorr   .          Rampage  .   (no gloves)
Will    .....                   (no boots)
Stlth   ++........              (no amulet)
HPRegen 0.09/turn               i - +6 ring of dexterity
MPRegen 0.08/turn               (no ring)

@: no status effects
A: demonic touch 1
a: no special abilities


You were on level 3 of the Dungeon.
You visited 1 branch of the dungeon, and saw 3 of its levels.

You collected 98 gold pieces.

Inventory:

Hand Weapons
 a - a +2 dagger (weapon)
 b - a +0 hunting sling
Missiles
 d - 8 poisoned darts (quivered)
 e - 2 curare-tipped darts
 f - 43 arrows
 h - 53 stones
 m - 52 bolts
Armour
 c - a +0 cloak (worn)
 k - a +0 ring mail (worn)
Jewellery
 i - a +6 ring of dexterity (left hand)
 l - an amulet of guardian spirit
Scrolls
 n - a scroll of immolation {unknown}
Potions
 g - 2 potions of berserk rage {unknown}
 j - a potion of resistance {unknown}
 o - a potion of degeneration {unknown}


   Skills:
 * Level 3.1 Fighting
 * Level 2.8 Short Blades
 - Level 1.7 Throwing
 - Level 0.8 Dodging
 + Level 4.0 Stealth


You had 2 spell levels left.
You didn't know any spells.
Your spell library contained the following spells:

 Spells                   Type           Power      Damage    Failure   Level
 Animate Skeleton         Necr           0%         N/A       58%         1
 Pain                     Necr           0%         1d4       58%         1
 Ensorcelled Hibernation  Hex/Ice        0%         N/A       73%         2
 Tukima's Dance           Hex            0%         N/A       91%         3
 Vampiric Draining        Necr           0%         2d6       91%         3
 Enfeeble                 Hex            0%         N/A       100%        7


Dungeon Overview and Level Annotations

Branches:
Dungeon (3/15)

Altars:


Innate Abilities, Weirdness & Mutations

Your touch may inflict minor irresistible damage on your foes.


Message History

You see here a hobgoblin corpse.
You hit the orc.
You touch the orc.
The orc is almost dead.
The orc hits you with a +0 short sword.
You hit the orc. Your touch misses the orc.
The orc is almost dead.
The orc barely misses you.
You closely miss the orc.
The orc is almost dead.
The orc hits you but does no damage.
The orc priest mumbles some strange prayers to Beogh against you.
Beogh smites you!
You hear a shout!
You hit the orc but do no damage.
The orc is almost dead.
The orc hits you but does no damage.
You closely miss the orc.
The orc is almost dead.
The orc barely misses you.
You hit the orc.
You kill the orc!
The orc priest calls down the wrath of Beogh upon you.
Beogh smites you!
* * * LOW HITPOINT WARNING * * *
The orc priest barely misses you.
Things that are here:
a +0 short sword; a +0 leather armour You hit the orc priest.
The orc priest is lightly wounded.
The orc priest hits you but does no damage.
You completely miss the orc priest.
You touch the orc priest.
The orc priest is heavily wounded.
The orc priest barely misses you. The orc misses you.
The orc priest hits you with a +0 club.
* * * LOW HITPOINT WARNING * * *
You hit the orc priest.
The orc priest is heavily wounded.
The orc priest invokes the aid of Beogh against you.
Pain shoots through your body!
You die...

..### #.# # ..... #.#.#
..... #######.#.#(###
..... ...............
..... #.#.#o#
.....############)#o#.#
................)†#...##
#####.###########o#....+
................@o.....#
#####.#.##...###########
.<###.#.##...#
##...........
#...........
#...........
#........### ####.#.....
#.#..####


You could see an orc priest and an orc.

Vanquished Creatures
  An orc wizard (D:3)
  An adder (D:3)
  An orc (D:3)
  2 bats
  3 endoplasms
  4 goblins (D:2)
  2 hobgoblins
  2 jackals (D:2)
  A quokka (D:2)
  A ball python (D:2)
  2 frilled lizards (D:1)
  4 kobolds
  5 rats (D:1)
29 creatures vanquished.

Notes
Turn   | Place    | Note
-------+----------+-------------------------------------------
     0 | D:1      | porpoise the Demonspawn Brigand began the quest for the
                  | Orb.
     0 | D:1      | Reached XP level 1. HP: 16/16 MP: 1/1
   958 | D:1      | Gained mutation: Your touch may inflict minor irresistible
                  | damage on your foes. [demonic ancestry]
   958 | D:1      | Reached XP level 2. HP: 16/23 MP: 2/2
  1530 | D:2      | Found a faded altar of an unknown god.
  2137 | D:3      | Reached XP level 3. HP: 25/28 MP: 3/3
  2148 | D:3      | Reached skill level 4 in Stealth
  2226 | D:3      | HP: 1/29 [orc priest (2)]
  2227 | D:3      | Killed from afar by an orc priest

Illustrated notes

Levels and vault maps discovered:
D:1:      dpeg_arrival_brainrot, layout_rooms, serial_rivers,
          chequers_serial_rivers_marsh, chequers_serial_rivers_micro_d,
          chequers_serial_rivers_large_b, chequers_serial_rivers_room_b,
          chequers_serial_rivers_micro_b, chequers_serial_rivers_large_a
D:2:      layout_basic, nicolae_ecumenical_oubliette
D:3:      layout_basic, lemuel_coloured_pillars_altar

Skill      XL: |  1  2  3 |
---------------+----------+-----
Short Blades   | 2 |  2.8
Fighting       | 3 |  3.1
Stealth        | 4 |  4.0
Throwing       | |  1.7
Dodging        | |  0.8

Action                   || total
-------------------------++-------
Melee: Dagger            ||    63
       Punch             ||     1
       Touch             ||     3
 Fire: Hunting sling     ||    23
 Stab: Sleeping          ||     3
Armor: Robe              ||    11
       Ring mail         ||    14
Dodge: Dodged            ||    18

Table legend: (Time is in decaauts)
 A = Elapsed time spent in this place.
 B = Non-inter-level travel time spent in this place.
 C = Inter-level travel time spent in this place.
 D = Time resting spent in this place.
 E = Time spent auto-exploring this place.
 F = Levels seen in this place.
 G = Mean time per level.
                   A        B        C        D        E       F      G
               +--------+--------+--------+--------+--------+-----+--------+
         Total |   2260 |   2185 |     75 |    593 |   1316 |   3 |  753.3 |
       Dungeon |   2260 |   2185 |     75 |    593 |   1316 |   3 |  753.3 |
               +--------+--------+--------+--------+--------+-----+--------+

Top non-repeatable levels by time:
     D:1: 1356 daAuts
     D:2: 774 daAuts
     D:3: 129 daAuts
